[Event "Team 45 45 League T95"]
[Site "Internet Chess Club"]
[Date "2023.01.24"]
[Round "2"]
[White "Goli"]
[Black "cyborg86"]
[Result "0-1"]
[WhiteElo "1819"]
[BlackElo "2281"]
[Opening "Sicilian: Alapin's variation (2.c3)"]
[ECO "B22"]
[Time "14:12:16"]
[PlyCount "32"]
[TimeControl "2700+45"]

1. e4 c5 2. c3 Nf6 3. e5 Nd5 4. d4 cxd4 5. cxd4 d6 6. Nf3 e6 7. g3 Nc6 8. Bg2
dxe5 9. Nxe5 Bb4+ 10. Bd2 Nxd4 11. Bxb4 Nxb4 12. Qa4+ b5 13. Qxb4 Nc2+ 14. Ke2
Nxb4 15. Bxa8 Qd4 16. Nf3 Qd3+ {White resigns} 0-1

[Event "Team 45 45 League T95"]
[Site "Internet Chess Club"]
[Date "2023.01.18"]
[Round "2"]
[White "julesraider"]
[Black "cysk"]
[Result "1/2-1/2"]
[WhiteElo "1613"]
[BlackElo "1667"]
[Opening "Dutch, 2.Bg5 variation"]
[ECO "A80"]
[Time "20:05:11"]
[PlyCount "48"]
[TimeControl "2700+45"]

1. d4 f5 2. Bg5 Nf6 3. Bxf6 exf6 4. Nf3 d5 5. e3 Be6 6. Bd3 Nc6 7. c3 Bd6 8.
Nbd2 O-O 9. h4 f4 10. Qc2 fxe3 11. Bxh7+ Kh8 12. fxe3 f5 13. O-O-O Qf6 14. Ng5
Bd7 15. Rdf1 Ne7 16. Kb1 g6 17. Ka1 c5 18. e4 cxd4 19. exd5 Nxd5 20. Nde4 Ne3
21. Nxf6 Nxc2+ 22. Kb1 Rxf6 23. Kxc2 dxc3 24. Rd1 cxb2 {Game drawn by mutual
agreement} 1/2-1/2

[Event "Team 45 45 League T95"]
[Site "Internet Chess Club"]
[Date "2023.01.20"]
[Round "2"]
[White "fhunfi"]
[Black "jfkingiii"]
[Result "1-0"]
[WhiteElo "1715"]
[BlackElo "1519"]
[Opening "Vienna: Falkbeer variation"]
[ECO "C26"]
[Time "20:07:09"]
[PlyCount "99"]
[TimeControl "2700+45"]

1. e4 e5 2. Nc3 Nf6 3. d4 exd4 4. Qxd4 Nc6 5. Qd3 Be7 6. Bf4 d6 7. O-O-O O-O 8.
f3 Be6 9. Kb1 Nh5 10. Be3 Bg5 11. Qd2 Bxe3 12. Qxe3 Qe7 13. g4 Nf6 14. Nge2 Rad8
15. g5 Nd7 16. h4 Nb6 17. Nf4 Ne5 18. Bh3 Bxh3 19. Rxh3 Rfe8 20. Rg3 Ng6 21.
Nxg6 fxg6 22. Qd4 Qe5 23. Qxe5 Rxe5 24. f4 Re7 25. e5 Nc8 26. Nd5 Rf7 27. e6 Rf5
28. Rf3 Re8 29. Nxc7 Re7 30. Nd5 Re8 31. Rc3 Ne7 32. Nxe7+ Rxe7 33. Rc8+ Rf8 34.
Rxf8+ Kxf8 35. Rxd6 Re8 36. c3 Ke7 37. Rd7+ Kxe6 38. Rxb7 Re7 39. Rxe7+ Kxe7 40.
c4 Kd6 41. b4 a6 42. a4 Kc6 43. b5+ axb5 44. cxb5+ Kb6 45. Kc2 h6 46. gxh6 gxh6
47. h5 gxh5 48. Kd3 h4 49. Ke3 h3 50. Kf3 {Black resigns} 1-0

[Event "Team 45 45 League T95"]
[Site "Internet Chess Club"]
[Date "2023.01.20"]
[Round "2"]
[White "jjmolina1"]
[Black "ChessMaine"]
[Result "1-0"]
[WhiteElo "1471"]
[BlackElo "1390"]
[Opening "French: Rubinstein variation"]
[ECO "C10"]
[Time "03:00:26"]
[PlyCount "141"]
[TimeControl "2700+45"]

1. e4 e6 2. d4 d5 3. Nc3 dxe4 4. Nxe4 Bd7 5. Bd3 Bc6 6. Nf3 Nd7 7. c3 Ngf6 8.
Qc2 Nxe4 9. Bxe4 Bxe4 10. Qxe4 c6 11. O-O Bd6 12. Rd1 Qc7 13. c4 Nf6 14. Qe2
O-O-O 15. c5 Bf4 16. g3 Bxc1 17. Raxc1 Nd5 18. Qe5 h5 19. Qxc7+ Kxc7 20. a3 f6
21. Re1 Rde8 22. Re4 g5 23. Rce1 Kd7 24. h4 gxh4 25. Nxh4 Rhg8 26. Kh2 Rg4 27.
f4 b6 28. f5 Rxe4 29. Rxe4 e5 30. dxe5 fxe5 31. cxb6 axb6 32. Ng6 Kd6 33. Kh3
Nf6 34. Re2 e4 35. Kh4 e3 36. Nf4 Re4 37. Kg5 Ke5 38. Ng6+ Kd4 39. Kxf6 Kd3 40.
Rh2 e2 41. Rxe2 Kxe2 42. Kg7 Re8 43. f6 Ra8 44. f7 Kf3 45. Kh6 Kxg3 46. Kxh5 Kf3
47. f8=Q+ Rxf8 48. Nxf8 c5 49. Nd7 Ke3 50. Nxb6 Kd4 51. a4 c4 52. Nxc4 Kxc4 53.
b3+ Kb4 54. Kg5 Ka5 55. Kf6 Kb4 56. Ke6 Ka5 57. Kd7 Kb4 58. Kd6 Ka5 59. Kc5 Ka6
60. b4 Kb7 61. Kd6 Kb6 62. a5+ Ka6 63. Kc6 Ka7 64. b5 Kb8 65. Kd7 Kb7 66. a6+
Ka7 67. Kc7 Ka8 68. Kc6 Kb8 69. b6 Ka8 70. b7+ Kb8 71. a7+ {Black resigns} 1-0

[Event "Team 45 45 League T95"]
[Site "Internet Chess Club"]
[Date "2023.01.22"]
[Round "2"]
[White "VictorRed"]
[Black "hipopotamos"]
[Result "0-1"]
[WhiteElo "1596"]
[BlackElo "1757"]
[Opening "Queen's pawn game, Darooha variation "]
[ECO "D02"]
[Time "14:04:05"]
[PlyCount "130"]
[TimeControl "2700+45"]

1. Nf3 d5 2. d4 Nf6 3. Nc3 Bf5 4. Nh4 Qd7 5. Nxf5 Qxf5 6. e3 e6 7. Bd3 Ne4 8.
Nxe4 dxe4 9. Be2 Bd6 10. c4 c6 11. Qb3 b6 12. Bd2 O-O 13. g4 Qg6 14. O-O-O f5
15. Rdg1 f4 16. h4 fxe3 17. Bxe3 Bf4 18. h5 Qg5 19. Rh3 Nd7 20. c5 Rae8 21. Bc4
Rf6 22. cxb6 Nxb6 23. Qc2 Bxe3+ 24. fxe3 Rf3 25. Rxf3 exf3 26. Kd2 Qh4 27. Kd3
f2 28. Rf1 Qxg4 29. Qxf2 h6 30. Qf7+ Kh7 31. Qxe8 Nxc4 32. Kxc4 Qe2+ 33. Kc5
Qxf1 34. Qg6+ Kh8 35. Qe8+ Kh7 36. Qxc6 Qc1+ 37. Kd6 Qxe3 38. Qc3 Qg5 39. Qc2+
Kh8 40. Qc8+ Kh7 41. Qxe6 Qd8+ 42. Ke5 Qc7+ 43. Kf5 Qc2+ 44. Qe4 Qxb2 45. Ke5+
Kg8 46. Qa8+ Kh7 47. Qxa7 Qe2+ 48. Kd6 Qxh5 49. d5 Qg6+ 50. Ke5 Qg5+ 51. Ke4
Qg2+ 52. Ke5 Qg5+ 53. Kd6 Qf6+ 54. Kc7 Qf7+ 55. Kb6 Qxd5 56. a4 Qd4+ 57. Kb7
Qxa7+ 58. Kxa7 h5 59. a5 h4 60. a6 h3 61. Kb8 h2 62. a7 h1=Q 63. a8=Q Qxa8+ 64.
Kxa8 g5 65. Kb7 g4 {White resigns} 0-1

[Event "Team 45 45 League T95"]
[Site "Internet Chess Club"]
[Date "2023.01.24"]
[Round "2"]
[White "KidRattler"]
[Black "walkover"]
[Result "1-0"]
[WhiteElo "1710"]
[BlackElo "1708"]
[Opening "Sicilian: Smith-Morra gambit"]
[ECO "B21"]
[Time "10:06:11"]
[PlyCount "93"]
[TimeControl "2700+45"]

1. e4 c5 2. d4 cxd4 3. c3 dxc3 4. Nxc3 e6 5. Nf3 Bc5 6. Bc4 Nc6 7. O-O Qc7 8.
Qe2 Nf6 9. e5 Ng4 10. Bf4 O-O 11. h3 f5 12. Rae1 a6 13. Qd2 Nh6 14. Bxh6 gxh6
15. Qxh6 Be7 16. Ng5 Bxg5 17. Qxg5+ Kh8 18. f4 b5 19. Bb3 Bb7 20. Rf3 Nxe5 21.
Rg3 Ng6 22. Rf1 Qd8 23. Qh6 Rg8 24. Rd1 Qe7 25. Kh2 Nh4 26. Rxd7 Rxg3 27. Rxe7
Rxg2+ 28. Kh1 Rg6+ 29. Rxb7 Rxh6 30. Kg1 Nf3+ 31. Kf2 Nd4 32. Bd1 Rxh3 33. Rd7
Nc6 34. Rd6 Na5 35. Rxe6 Rh2+ 36. Kg3 Rxb2 37. Nd5 Rxa2 38. Re7 Rg8+ 39. Kh3 Rg6
40. Bh5 Rc6 41. Kh4 Rd2 42. Re8+ Kg7 43. Re7+ Kh6 44. Bf3 Rg6 45. Kh3 Rd3 46.
Ne3 Nc4 47. Nxf5# {Black checkmated} 1-0

[Event "Team 45 45 League T95"]
[Site "Internet Chess Club"]
[Date "2023.01.21"]
[Round "2"]
[White "kabindra"]
[Black "qs16"]
[Result "0-1"]
[WhiteElo "1735"]
[BlackElo "1550"]
[Opening "Sicilian: Grand Prix attack"]
[ECO "B23"]
[Time "13:00:48"]
[PlyCount "128"]
[TimeControl "2700+45"]

1. e4 c5 2. Nc3 Nc6 3. f4 e6 4. Bc4 Nge7 5. e5 d6 6. exd6 Qxd6 7. d3 Na5 8. Bb5+
Nac6 9. Ne4 Qc7 10. c3 a6 11. Ba4 Nd5 12. Ne2 Bd7 13. O-O Be7 14. N2g3 O-O 15.
f5 Nf6 16. fxe6 Bxe6 17. Nxf6+ Bxf6 18. Be3 b5 19. Bc2 Ne7 20. d4 cxd4 21. cxd4
Rad8 22. Qd3 Ng6 23. Rac1 Qd7 24. Rxf6 gxf6 25. Ne4 Qe7 26. b3 Bf5 27. Qf1 Bxe4
28. Bh6 Bxc2 29. Bxf8 Qxf8 30. Rxc2 Qd6 31. h3 Qxd4+ 32. Kh2 Rd6 33. Rf2 Kg7 34.
Rf5 Rd5 35. Rf3 Qe5+ 36. Kh1 Rd2 37. a4 bxa4 38. bxa4 Qb2 39. Rg3 Qe5 40. Qf3 h5
41. h4 Re2 42. Kh2 Re4 43. Kg1 Qa1+ 44. Kh2 Rxh4+ 45. Rh3 Qe5+ 46. Kg1 Rxh3 47.
Qxh3 h4 48. Qg4 Qe1+ 49. Kh2 Qg3+ 50. Qxg3 hxg3+ 51. Kxg3 Ne5 52. Kf4 Nc4 53.
Ke4 Nb2 54. a5 Nc4 55. Kd5 Nxa5 56. Kc5 Nb3+ 57. Kc4 Nd2+ 58. Kc5 Ne4+ 59. Kb6
Kg6 60. Kxa6 Kg5 61. Kb5 Kg4 62. Kc6 Kg3 63. Kd7 Kxg2 64. Ke7 f5 {White resigns}
0-1

[Event "Team 45 45 League T95"]
[Site "Internet Chess Club"]
[Date "2023.01.23"]
[Round "2"]
[White "Lawkeito"]
[Black "mongmong"]
[Result "1-0"]
[WhiteElo "1649"]
[BlackElo "1497"]
[Opening "Nimzo-Indian: Reshevsky variation"]
[ECO "E46"]
[Time "18:04:54"]
[PlyCount "55"]
[TimeControl "2700+45"]

1. d4 e6 2. c4 Nf6 3. Nc3 Bb4 4. e3 O-O 5. Ne2 d5 6. a3 Be7 7. Nf4 c6 8. Be2
dxc4 9. Bxc4 Nbd7 10. O-O e5 11. Nfe2 exd4 12. Nxd4 Nc5 13. Qc2 Ne6 14. Nf5 g6
15. Nxe7+ Qxe7 16. b4 Ng5 17. f3 h6 18. Qxg6+ Kh8 19. Qxh6+ Nfh7 20. h4 Be6 21.
Bd3 Nh3+ 22. Kh1 f5 23. Ne2 Rf6 24. Bb2 Rf8 25. gxh3 Kg8 26. Rg1+ Kh8 27. Nf4
Bd5 28. Ng6+ {Black resigns} 1-0

[Event "Team 45 45 League T95"]
[Site "Internet Chess Club"]
[Date "2023.01.21"]
[Round "2"]
[White "MichaelIC"]
[Black "laurenpar"]
[Result "1/2-1/2"]
[WhiteElo "2052"]
[BlackElo "1932"]
[Opening "Dutch defense, Rubinstein variation"]
[ECO "A40"]
[Time "23:31:04"]
[PlyCount "45"]
[TimeControl "2700+45"]

1. d4 e6 2. c4 f5 3. Nc3 Nf6 4. Nf3 d6 5. Bf4 g6 6. e3 Bg7 7. Bd3 O-O 8. O-O Qe7
9. Re1 Nc6 10. d5 Nb4 11. Bf1 e5 12. Bg3 a5 13. Rb1 Ne4 14. Nxe4 fxe4 15. Nd2
Nxa2 16. Nxe4 Bf5 17. Bd3 Nb4 18. f3 Kh8 19. Ra1 Bf6 20. Qd2 Bh4 21. Bxh4 Qxh4
22. g3 Qe7 23. Bb1 {Game drawn by mutual agreement} 1/2-1/2

[Event "Team 45 45 League T95"]
[Site "Internet Chess Club"]
[Date "2023.01.23"]
[Round "2"]
[White "martineden"]
[Black "Tufnell"]
[Result "1/2-1/2"]
[WhiteElo "1844"]
[BlackElo "1906"]
[Opening "King's Indian: London system"]
[ECO "A48"]
[Time "10:30:43"]
[PlyCount "48"]
[TimeControl "2700+45"]

1. d4 Nf6 2. Nf3 g6 3. Bf4 Bg7 4. c3 O-O 5. h3 d6 6. e3 Nbd7 7. Be2 b6 8. O-O
Bb7 9. Nbd2 Qe8 10. Bh2 e5 11. Rc1 e4 12. Ne1 Qe7 13. Qc2 Ne8 14. Nc4 Kh8 15.
Qd2 f5 16. Nc2 Nef6 17. N4a3 a6 18. c4 c6 19. Nb1 Rfd8 20. Nc3 Rac8 21. b4 c5
22. bxc5 dxc5 23. Rb1 cxd4 24. exd4 Ne8 {Game drawn by mutual agreement} 1/2-1/2

[Event "Team 45 45 League T95"]
[Site "Internet Chess Club"]
[Date "2023.01.23"]
[Round "2"]
[White "KidRattler"]
[Black "primerpaso"]
[Result "0-1"]
[WhiteElo "1692"]
[BlackElo "1806"]
[Opening "Sicilian: Smith-Morra gambit"]
[ECO "B21"]
[Time "14:03:07"]
[PlyCount "80"]
[TimeControl "2700+45"]

1. e4 c5 2. d4 cxd4 3. c3 dxc3 4. Nxc3 Nc6 5. Nf3 e6 6. Bc4 Bb4 7. O-O Nge7 8.
Qe2 Bxc3 9. bxc3 d5 10. Rd1 O-O 11. a4 Qa5 12. Bb5 a6 13. Bb2 dxe4 14. Nd2 f5
15. Ba3 axb5 16. axb5 Qxc3 17. Nc4 Nd4 18. Qf1 Nxb5 19. Bb2 Rxa1 20. Bxc3 Rxd1
21. Qxd1 Nxc3 22. Qb3 Ned5 23. Nd6 b6 24. g3 Bd7 25. Qa3 Ba4 26. h4 b5 27. Qc5
b4 28. Nc4 h6 29. Qd6 Re8 30. Kg2 Bb5 31. Nb6 Nxb6 32. Qxb4 Nbd5 33. Qc5 Kf7 34.
h5 Re7 35. g4 Be2 36. gxf5 exf5 37. Qd6 Bxh5 38. Kg3 Ne2+ 39. Kh4 Ndf4 40. f3
g5# {White checkmated} 0-1

[Event "Team 45 45 League T95"]
[Site "Internet Chess Club"]
[Date "2023.01.22"]
[Round "2"]
[White "fishhead"]
[Black "fireball"]
[Result "1-0"]
[WhiteElo "1710"]
[BlackElo "1541"]
[Opening "Sicilian: O'Kelly variation"]
[ECO "B28"]
[Time "11:01:26"]
[PlyCount "113"]
[TimeControl "2700+45"]

1. e4 c5 2. Nf3 a6 3. d4 cxd4 4. Nxd4 Nf6 5. Nc3 e5 6. Nf5 Bb4 7. Nxg7+ Kf8 8.
Bh6 Ke7 9. Nf5+ Ke8 10. Nd6+ Ke7 11. Bg5 Rg8 12. Bxf6+ Kxf6 13. Qf3+ Ke7 14.
Qxf7+ Kxd6 15. O-O-O+ Kc7 16. Nd5+ Kc6 17. Nxb4+ Kb6 18. Rd6+ Kc7 19. Qd5 Qg5+
20. Kb1 Nc6 21. Nxc6 dxc6 22. Qd2 Qe7 23. Rd3 Be6 24. g3 Bc4 25. Rc3 Rad8 26.
Qc1 Be6 27. Rd3 Rxd3 28. Bxd3 Qf7 29. b3 Qxf2 30. Qh6 Qf7 31. Rf1 Qg6 32. Rf6
Qxh6 33. Rxh6 Rg6 34. Rxh7+ Kb6 35. a4 a5 36. Kb2 c5 37. Kc3 Kc6 38. Bc4 Bxc4
39. Kxc4 b6 40. Rf7 Rh6 41. h4 Rg6 42. Rf3 Rd6 43. Kc3 b5 44. axb5+ Kxb5 45. g4
Rd4 46. Re3 a4 47. bxa4+ Kxa4 48. g5 Kb5 49. h5 Rc4+ 50. Kd3 Rd4+ 51. Ke2 Rc4
52. c3 Ra4 53. Kf3 Ra1 54. g6 Rg1 55. Re2 Rg5 56. Rg2 Rxh5 57. g7 {Black
resigns} 1-0

[Event "Team 45 45 League T95"]
[Site "Internet Chess Club"]
[Date "2023.01.22"]
[Round "2"]
[White "BuddyT"]
[Black "timcent"]
[Result "0-1"]
[WhiteElo "1716"]
[BlackElo "1881"]
[Opening "Sicilian: Alapin's variation (2.c3)"]
[ECO "B22"]
[Time "11:00:33"]
[PlyCount "82"]
[TimeControl "2700+45"]

1. e4 c5 2. c3 Nf6 3. e5 Nd5 4. d4 cxd4 5. Nf3 Nc6 6. Bc4 Nb6 7. Bb3 d5 8. exd6
Qxd6 9. O-O d3 10. Ng5 e6 11. Qf3 Ne5 12. Qg3 Ng6 13. f4 Be7 14. Nd2 Qc5+ 15.
Kh1 Qf5 16. Ndf3 O-O 17. Nd4 Qa5 18. h4 Rd8 19. f5 Nf8 20. fxe6 Bxe6 21. Ndxe6
Nxe6 22. Bxe6 fxe6 23. Nxe6 g6 24. Nxd8 Rxd8 25. Bg5 Bxg5 26. hxg5 d2 27. Rad1
Nc4 28. Qf4 Qd5 29. Rf2 Re8 30. Kh2 Qe4 31. b3 Ne3 32. Qf7+ Kh8 33. Qf6+ Kg8 34.
Qf7+ Kh8 35. Rdxd2 Ng4+ 36. Kg1 Qe1+ 37. Rf1 Qe3+ 38. Kh1 Qe5 39. Qf4 Qxf4 40.
Rxf4 Re1+ 41. Rf1 Rxf1# {White checkmated} 0-1

[Event "Team 45 45 League T95"]
[Site "Internet Chess Club"]
[Date "2023.01.22"]
[Round "2"]
[White "mnpaulson"]
[Black "ElValero"]
[Result "1/2-1/2"]
[WhiteElo "1503"]
[BlackElo "1682"]
[Opening "QGD: exchange, positional line"]
[ECO "D35"]
[Time "11:07:42"]
[PlyCount "45"]
[TimeControl "2700+45"]

1. d4 e6 2. c4 Nf6 3. Nc3 d5 4. cxd5 exd5 5. Bg5 Be7 6. e3 c6 7. Bd3 O-O 8. Nge2
Nbd7 9. O-O Bd6 10. Qc2 Bxh2+ 11. Kh1 Bd6 12. Bxh7+ Kh8 13. Bd3 Re8 14. g3 Be7
15. Kg2 Ne4 16. Bf4 Nxc3 17. bxc3 Nf6 18. Rh1+ Kg8 19. Rh2 Ng4 20. Rh7 Nf6 21.
Rh2 Ng4 22. Rh7 Nf6 23. Rh2 {Game drawn by repetition} 1/2-1/2

[Event "Team 45 45 League T95"]
[Site "Internet Chess Club"]
[Date "2023.01.23"]
[Round "2"]
[White "julesraider"]
[Black "DaveTheRook"]
[Result "1-0"]
[WhiteElo "1631"]
[BlackElo "1382"]
[Opening "Queen's Indian: 4.Nc3"]
[ECO "E12"]
[Time "18:31:13"]
[PlyCount "125"]
[TimeControl "2700+45"]

1. d4 Nf6 2. c4 b6 3. Nc3 e6 4. Nf3 Bb7 5. Bg5 Be7 6. e3 O-O 7. Be2 d5 8. O-O
Nbd7 9. a3 h6 10. Bf4 a6 11. b4 dxc4 12. Bxc4 Nd5 13. Nxd5 Bxd5 14. Be2 Bd6 15.
Rc1 Bxf4 16. exf4 b5 17. Ne5 Nxe5 18. dxe5 c6 19. a4 Qe7 20. axb5 axb5 21. Qd4
Rfd8 22. Qc3 Ra7 23. f5 exf5 24. Rfe1 Rda8 25. Qd4 Qg5 26. g3 Qd8 27. Rcd1 Rd7
28. Qf4 Be6 29. Rxd7 Qxd7 30. Rd1 Qe7 31. Bf3 Rd8 32. Rd6 Rxd6 33. exd6 Qd7 34.
Qd4 Qe8 35. Qc5 Bd7 36. Kg2 Qc8 37. Qe5 Qe8 38. Qd4 Qc8 39. Bd1 Qe8 40. Bc2 Qe6
41. h3 Qd5+ 42. Qxd5 cxd5 43. Bd3 f6 44. Kf3 g6 45. Ke3 Kf7 46. Kd4 Ke6 47. Kc5
d4 48. f4 g5 49. Bc2 Be8 50. Bb3+ Kd7 51. Bc2 Kd8 52. Kxd4 Bd7 53. Kc5 Kc8 54.
Bd3 g4 55. h4 Kd8 56. Bxb5 Bc8 57. Bc6 Be6 58. b5 h5 59. b6 Kc8 60. b7+ Kb8 61.
d7 Kc7 62. b8=Q+ Kxb8 63. d8=Q+ {Black resigns} 1-0

[Event "Team 45 45 League T95"]
[Site "Internet Chess Club"]
[Date "2023.01.22"]
[Round "2"]
[White "jonesey"]
[Black "hewdondada"]
[Result "1-0"]
[WhiteElo "1889"]
[BlackElo "1634"]
[Opening "Scandinavian defense"]
[ECO "B01"]
[Time "16:04:26"]
[PlyCount "71"]
[TimeControl "2700+45"]

1. e4 d5 2. exd5 Nf6 3. d4 Bg4 4. Be2 Bf5 5. c4 c6 6. dxc6 Nxc6 7. Nf3 e6 8. O-O
Bd6 9. Nc3 O-O 10. Bg5 Bg4 11. Qd2 Bxf3 12. Bxf3 Rb8 13. Rad1 a6 14. Rfe1 Na5
15. b3 Bb4 16. Qc1 Nc6 17. d5 Bxc3 18. Qxc3 exd5 19. cxd5 Na7 20. d6 Ne4 21.
Rxe4 Qxg5 22. Rg4 Nb5 23. Qb2 Qh6 24. a4 Na7 25. d7 g6 26. Rc4 Rfd8 27. Qe5 Nc6
28. Bxc6 bxc6 29. Rxc6 Qf8 30. Qc7 Qb4 31. Rc3 Qf8 32. h4 Qb4 33. h5 Kg7 34.
hxg6 hxg6 35. Qe5+ Kg8 36. Rh3 {Black resigns} 1-0

[Event "Team 45 45 League T95"]
[Site "Internet Chess Club"]
[Date "2023.01.21"]
[Round "2"]
[White "WillC"]
[Black "ghowell"]
[Result "1-0"]
[WhiteElo "1595"]
[BlackElo "1588"]
[Opening "Queen's pawn game, Darooha variation "]
[ECO "D02"]
[Time "14:01:08"]
[PlyCount "127"]
[TimeControl "2700+45"]

1. d4 Nf6 2. Nf3 d5 3. b3 c5 4. e3 cxd4 5. exd4 e6 6. Bd3 Bd6 7. O-O O-O 8. Bb2
Nc6 9. a3 Bd7 10. Nbd2 Qc7 11. Qe2 Ng4 12. h3 Nh2 13. Nxh2 Bxh2+ 14. Kh1 Bd6 15.
c4 e5 16. cxd5 Nxd4 17. Bxd4 exd4 18. Qe4 f5 19. Qf3 Qc3 20. Nc4 Rf6 21. Rab1
Rc8 22. Rfc1 Rxc4 23. Rxc3 Rxc3 24. Qe2 Bxa3 25. b4 Bc1 26. Bb5 Bxb5 27. Qxb5
Bf4 28. Qe8+ Rf8 29. Qe6+ Kh8 30. d6 Rc6 31. Qe7 Bxd6 32. Qxb7 Rfc8 33. g3 d3
34. Rd1 R6c7 35. Qd5 Bxb4 36. Rxd3 Rf8 37. Rf3 Rcf7 38. Qb5 a5 39. Qc4 g6 40. h4
h6 41. g4 f4 42. Qd4+ Kh7 43. Qe4 Ra7 44. h5 Rf6 45. hxg6+ Rxg6 46. Rxf4 Bc3 47.
Qe3 Rc7 48. Qe4 Kg7 49. Qe8 Bf6 50. Qb5 Rg5 51. Qb6 Rc1+ 52. Kg2 Be5 53. Re4 Ra1
54. Qe6 Bf6 55. Qd7+ Kg6 56. Qe8+ Kg7 57. Rc4 h5 58. Rc7+ Kh6 59. Qf8+ Bg7 60.
Qd6+ Rg6 61. Qf4+ Kh7 62. g5 a4 63. Qh4 Kg8 64. Qxh5 {Black resigns} 1-0

[Event "Team 45 45 League T95"]
[Site "Internet Chess Club"]
[Date "2023.01.22"]
[Round "2"]
[White "keithuws1"]
[Black "evan7284"]
[Result "1-0"]
[WhiteElo "1274"]
[BlackElo "1550"]
[Opening "Sicilian: Najdorf, Opocensky variation"]
[ECO "B92"]
[Time "09:00:36"]
[PlyCount "100"]
[TimeControl "2700+45"]

1. e4 c5 2. Nf3 d6 3. d4 cxd4 4. Nxd4 Nf6 5. Nc3 a6 6. Be2 e5 7. Nb3 Be6 8. O-O
Be7 9. Be3 Nbd7 10. Qd2 O-O 11. a4 Nb6 12. a5 Nc4 13. Bxc4 Bxc4 14. Bb6 Qd7 15.
Rfd1 Qc6 16. Qe3 Nd7 17. Nd2 Be6 18. Nf1 Nxb6 19. Qxb6 Rac8 20. Ne3 Qxb6 21.
axb6 Rc6 22. Ncd5 Bd8 23. Ra4 Re8 24. Rc4 Bxd5 25. Rxd5 Rxb6 26. b3 g6 27. Rc8
Kf8 28. Nc4 Rc6 29. Rxc6 bxc6 30. Rxd6 Bg5 31. Rxc6 Rd8 32. Kf1 f6 33. Rxa6 Rd1+
34. Ke2 Rc1 35. Kd3 Rf1 36. f3 Rf2 37. b4 Rxg2 38. b5 Rg1 39. b6 Rb1 40. Ra7 f5
41. b7 fxe4+ 42. fxe4 Bd8 43. Nxe5 Bc7 44. Nd7+ Ke8 45. Nf6+ Kf7 46. b8=Q Rxb8
47. Nd5 Kg8 48. Rxc7 Rf8 49. e5 Rf2 50. e6 Rf5 {Black resigns} 1-0

[Event "Team 45 45 League T95"]
[Site "Internet Chess Club"]
[Date "2023.01.21"]
[Round "2"]
[White "BrerRabbit"]
[Black "natalieH"]
[Result "1/2-1/2"]
[WhiteElo "1339"]
[BlackElo "1092"]
[Opening "Queen's pawn game, Darooha variation "]
[ECO "E06"]
[Time "10:02:58"]
[PlyCount "57"]
[TimeControl "2700+45"]

1. d4 d5 2. Nf3 Nf6 3. g3 e6 4. Bg2 Be7 5. O-O O-O 6. c4 c6 7. Qc2 Qb6 8. a3 c5
9. Rd1 cxd4 10. Nxd4 Bc5 11. e3 dxc4 12. Qxc4 Rd8 13. Nc3 e5 14. b4 Bxd4 15.
exd4 exd4 16. Ne2 Be6 17. Qc5 Nc6 18. Qxb6 axb6 19. Bb2 d3 20. Nf4 Bf5 21. Rac1
Rac8 22. Bc3 Ne4 23. Nxd3 Nxc3 24. Rxc3 Ne5 25. Rxc8 Bxc8 26. Nb2 Re8 27. Re1
Bd7 28. Kf1 Nc6 29. Nc4 {Game drawn by mutual agreement} 1/2-1/2

[Event "Team 45 45 League T95"]
[Site "Internet Chess Club"]
[Date "2023.01.21"]
[Round "2"]
[White "Electryon"]
[Black "jfkingiii"]
[Result "1/2-1/2"]
[WhiteElo "1484"]
[BlackElo "1517"]
[Opening "English: Mikenas-Carls, Flohr variation"]
[ECO "A18"]
[Time "19:00:49"]
[PlyCount "108"]
[TimeControl "2700+45"]

1. c4 Nf6 2. Nc3 e6 3. e4 d5 4. e5 d4 5. exf6 dxc3 6. bxc3 Qxf6 7. d4 c5 8. Nf3
Nc6 9. Bg5 Qg6 10. Bd3 f5 11. Bf1 Be7 12. Bxe7 Nxe7 13. g3 O-O 14. Bg2 Qf6 15.
O-O Rd8 16. Ne5 Rb8 17. a4 Ng6 18. Re1 Nxe5 19. Rxe5 Qxe5 20. dxe5 Rxd1+ 21.
Rxd1 Kf7 22. Rd6 Ke7 23. f4 Bd7 24. a5 Ba4 25. Bf3 Bb3 26. Be2 Rd8 27. Rxd8 Kxd8
28. g4 fxg4 29. Bxg4 Bxc4 30. Kf2 b5 31. axb6 axb6 32. Ke3 g6 33. h4 Kc7 34. Bf3
b5 35. h5 gxh5 36. Bxh5 Kb6 37. Bg4 b4 38. cxb4 cxb4 39. Kd4 b3 40. Kc3 Bd5 41.
f5 exf5 42. Bxf5 h6 43. Kd4 Kc6 44. Ke3 b2 45. Kf4 Be6 46. Bb1 h5 47. Kg5 Kd5
48. Kxh5 Kxe5 49. Kg5 Kd4 50. Kf4 Kc3 51. Ke3 Bc4 52. Bf5 Kb3 53. Kd2 Ka2 54.
Be4 b1=Q {Game drawn by mutual agreement} 1/2-1/2

[Event "Team 45 45 League T95"]
[Site "Internet Chess Club"]
[Date "2023.01.21"]
[Round "2"]
[White "herrahuu"]
[Black "jjmolina1"]
[Result "1-0"]
[WhiteElo "1457"]
[BlackElo "1454"]
[Opening "Scotch: Mieses variation"]
[ECO "C45"]
[Time "10:01:36"]
[PlyCount "149"]
[TimeControl "2700+45"]

1. e4 e5 2. Nf3 Nc6 3. d4 exd4 4. Nxd4 Nf6 5. Nxc6 bxc6 6. e5 Qe7 7. Qe2 Nd5 8.
c4 Ba6 9. b3 g6 10. Ba3 Nb4 11. Bb2 Bg7 12. a3 Nd5 13. Nd2 Nf4 14. Qe4 Ne6 15.
Nf3 O-O 16. Be2 d5 17. exd6 Qd7 18. Bxg7 Nxg7 19. O-O Rfe8 20. Qd3 cxd6 21. Qd2
Rad8 22. Rfe1 d5 23. cxd5 Bxe2 24. Rxe2 Rxe2 25. Qxe2 cxd5 26. Nd4 Re8 27. Qd3
Qe7 28. h3 Ne6 29. b4 Nxd4 30. Qxd4 Qe5 31. Rd1 Qxd4 32. Rxd4 Rd8 33. Kf1 Kf8
34. Ke2 Ke7 35. Kd3 Kd6 36. Kc3 a5 37. b5 Rc8+ 38. Kb3 Rc5 39. a4 Rc1 40. Rd2
Rc4 41. Rc2 Rb4+ 42. Ka3 Rb1 43. Rb2 Ra1+ 44. Kb3 Kc5 45. Rc2+ Kb6 46. Rc6+ Kb7
47. Ra6 d4 48. Rxa5 d3 49. Kc3 Ra3+ 50. Kd2 Kb6 51. Ra6+ Kb7 52. f4 f5 53. g4
fxg4 54. hxg4 Ra2+ 55. Kxd3 Rg2 56. g5 Rg3+ 57. Ke4 Rb3 58. Rd6 Rb4+ 59. Rd4 Rb1
60. Rd7+ Kb6 61. Rxh7 Rb4+ 62. Ke5 Rxa4 63. Rg7 Ra5 64. Rxg6+ Kb7 65. Rd6 Rxb5+
66. Rd5 Rb1 67. f5 Kc6 68. Rd6+ Kc7 69. Re6 Rb5+ 70. Kf6 Kd7 71. g6 Rb1 72. Re7+
Kd8 73. Kf7 Rf1 74. f6 Rh1 75. g7 {Black resigns} 1-0

[Event "Team 45 45 League T95"]
[Site "Internet Chess Club"]
[Date "2023.01.22"]
[Round "2"]
[White "fhunfi"]
[Black "VictorRed"]
[Result "1/2-1/2"]
[WhiteElo "1710"]
[BlackElo "1601"]
[Opening "Sicilian: Labourdonnais-Löwenthal variation"]
[ECO "B32"]
[Time "18:30:45"]
[PlyCount "52"]
[TimeControl "2700+45"]

1. e4 c5 2. Nf3 Nc6 3. d4 cxd4 4. Nxd4 e5 5. Nb5 Nf6 6. N1c3 d6 7. Bg5 a6 8. Na3
Be7 9. Bxf6 Bxf6 10. Nd5 Be6 11. Nc4 Bxd5 12. Qxd5 Be7 13. c3 Qc7 14. Ne3 O-O
15. h4 Rad8 16. g3 Bf6 17. Bg2 Ne7 18. Qb3 b5 19. Rd1 g6 20. h5 Kh8 21. hxg6
fxg6 22. Qe6 Bg5 23. Nd5 Nxd5 24. Qxd5 Qf7 25. Qxf7 Rxf7 26. O-O Kg7 {Game drawn
by mutual agreement} 1/2-1/2

[Event "Team 45 45 League T95"]
[Site "Internet Chess Club"]
[Date "2023.01.19"]
[Round "2"]
[White "isolani"]
[Black "fireball"]
[Result "1/2-1/2"]
[WhiteElo "1378"]
[BlackElo "1550"]
[Opening "Queen's pawn"]
[ECO "A40"]
[Time "17:02:53"]
[PlyCount "68"]
[TimeControl "2700+45"]

1. d4 e6 2. Nf3 d5 3. c4 Nf6 4. e3 Bb4+ 5. Bd2 Bxd2+ 6. Nfxd2 O-O 7. Be2 Nc6 8.
Nc3 b6 9. O-O Ne7 10. Rc1 Bb7 11. Bf3 a5 12. Re1 Rb8 13. Qc2 Ba6 14. b3 Rc8 15.
Qb2 c6 16. e4 dxe4 17. Ncxe4 Nxe4 18. Bxe4 g6 19. Nf3 Nf5 20. Bxf5 exf5 21. Qd2
Bb7 22. Qh6 Qf6 23. h4 Qg7 24. Qxg7+ Kxg7 25. Re7 Ba8 26. Rce1 h6 27. R1e6 Kg8
28. Rd6 Rce8 29. Rdd7 Rxe7 30. Rxe7 f6 31. Kf1 Rf7 32. Re8+ Rf8 33. Re7 Rf7 34.
Re8+ Rf8 {Game drawn by mutual agreement} 1/2-1/2